 Dungeon Crawl Stone Soup version 0.32-a0-996-gb3226c233f (webtiles) character file.

Game seed: 8106896139561214683

1403813 Prakerore the Acrobat (level 23, 172/172 HPs)
             Began as a Felid Delver on Apr 15, 2024.
             Was a High Priest of Elyvilon.
             Escaped with the Orb
             ... and 3 runes
             ... and 1 gem on Apr 23, 2024!
             The game lasted 04:01:24 (105416 turns).

Prakerore the Acrobat (Felid Delver)              Turns: 105416, Time: 04:01:24

Health: 172/172    AC: 27    Str:  7 (8)  XL:     23   Next: 91%
Magic:  33/35      EV: 51    Int: 12 (13) God:    Elyvilon [*****.]
Gold:   596        SH:  0    Dex: 28      Spells: 16/26 levels left
                                        Lives:  2   Deaths: 2

rFire   + +          .
                       - Unarmed
rCold   + . .        (shield unavailable)
rNeg    + . .        (body armour unavailable)
rPois   ∞            (helmet unavailable)
rElec   +            (cloak unavailable)
rCorr   .            (gloves unavailable)
SInv    +            (boots unavailable)
Will    +++..        j - amulet of guardian spirit
Stlth   ++           g - ring "Yzxod" {rF+ rC+ Dex+2}
HPRegen 0.48/turn    Y - ring of protection from fire
MPRegen 0.24/turn

%: guardian spirit
@: statue-form, very slow
A: slow and powerful, torment resistance 1, boosted hp, very small, claws 1,
fangs 3, see invisible, (shaggy fur 3), stealthy paws, no weapons or thrown
items, no armour, multi-lived, clumsy 1, deterioration 1, dopey 1, mutation
resistance 1, screaming 1, inhibited regeneration
0: Orb of Zot
}: 3/15 runes: serpentine, barnacled, slimy
a: Begin Untransformation, Renounce Religion, Purification, Heal Other, Heal
Self, Divine Vigour


You escaped.
You worshipped Elyvilon.
Elyvilon was extremely pleased with you.
You were a living statue of rough stone.
You visited 11 branches of the dungeon, and saw 51 of its levels.
You visited 1 bazaar.
You also visited: Trove, Gauntlet and Volcano.

You collected 4835 gold pieces.
You spent 4239 gold pieces at shops.

Inventory:

Jewellery
 g - the ring "Yzxod" (left paw) {rF+ rC+ Dex+2}
   (You acquired it on level 1 of the Shoals)

   [ring of protection from cold]

   Dex+2:     It affects your dexterity (+2).
   rF+:       It protects you from fire.
   rC+:       It protects you from cold.
 j - an amulet of guardian spirit (around neck)
 l - a ring of fire
 m - a ring of fire
 q - a ring of flight
 B - a ring of positive energy
 J - a ring of willpower
 K - a ring of fire
 M - a ring of resist corrosion
 P - the ring "Ozoufiqaro" {Fire Will- Str+9 Dex+3}
   (You found it on level 1 of the Elven Halls)

   [ring of fire]

   Fire:      It enhances your fire magic.
   Str+9:     It affects your strength (+9).
   Dex+3:     It affects your dexterity (+3).
   rF+:       It protects you from fire.
   rC-:       It makes you vulnerable to cold.
   Will-:     It decreases your willpower.
 U - the ring of Niwott {Ice rPois Str-2 Int+8 Stlth+}
   (You took it off Josephina on level 4 of the Realm of Zot)

   [ring of ice]

   Ice:       It enhances your ice magic.
   Str-2:     It affects your strength (-2).
   Int+8:     It affects your intelligence (+8).
   rF-:       It makes you vulnerable to fire.
   rC+:       It protects you from cold.
   rPois:     It protects you from poison.
   Stlth+:    It makes you more stealthy.
 W - a +4 ring of slaying
 Y - a ring of protection from fire (right paw)
Talismans
 X - a granite talisman (active)
Wands
 d - a wand of iceblast (14)
 e - a wand of digging (18)
 f - a wand of mindburst (32)
 r - a wand of paralysis (15)
 w - a wand of flame (22)
 x - a wand of polymorph (17)
 D - a wand of acid (10)
Scrolls
 a - 2 scrolls of fog
 c - 2 scrolls of blinking
 o - 3 scrolls of vulnerability
 u - 4 scrolls of teleportation
 z - 7 scrolls of poison
 F - 3 scrolls of enchant armour
 G - 3 scrolls of torment
 H - 6 scrolls of immolation
 I - 7 scrolls of enchant weapon
 L - 2 scrolls of butterflies
 O - 6 scrolls of amnesia
 Q - 5 scrolls of noise
Potions
 b - 3 potions of magic
 h - 3 potions of mutation
 k - a potion of resistance
 n - 8 potions of heal wounds
 p - 6 potions of attraction
 s - 4 potions of enlightenment
 t - 4 potions of ambrosia
 v - 19 potions of curing
 C - 4 potions of brilliance
 R - a potion of cancellation
 S - a potion of invisibility
 T - 8 potions of degeneration
 V - 8 potions of lignification
Miscellaneous
 i - a sack of spiders
 y - a Gell's gravitambourine (2/2)


   Skills:
 - Level 18.0 Fighting
 + Level 26.7 Dodging
 - Level 6.6 Stealth
 - Level 17.0 Unarmed Combat
 - Level 2.0 Spellcasting
 - Level 11.6 Translocations
 - Level 8.2 Earth Magic
 - Level 15.0 Invocations
 - Level 19.0 Evocations
 - Level 16.0 Shapeshifting


You had 16 spell levels left.
You knew the following spells:

 Your Spells              Type           Power      Damage    Failure   Level
a - Apportation           Tloc           58%        N/A       1%          1
b - Blink                 Tloc           58%        N/A       1%          2
c - Passwall              Erth           21%        N/A       2%          3
d - Passage of Golubria   Tloc           29%        N/A       2%          4

Your spell library contained the following spells:

 Spells                   Type           Power      Damage    Failure   Level
 Vhi's Electric Charge    Tloc/Air       30%        N/A       24%         4
 Kiss of Death            Conj/Necr      4%         2d5       26%         1
 Magic Dart               Conj           4%         1d3       26%         1
 Necrotise                Necr           4%         1d4       26%         1
 Shock                    Conj/Air       4%         1d3       26%         1
 Sting                    Conj/Alch      4%         1d3       26%         1
 Summon Small Mammal      Summ           4%         N/A       26%         1
 Call Imp                 Summ           2%         N/A       38%         2
 Ensorcelled Hibernation  Hex/Ice        2%         N/A       38%         2
 Searing Ray              Conj           2%         2d4       38%         2
 Static Discharge         Conj/Air       2%         3-4/arc   38%         2
 Petrify                  Alch/Erth      11%        N/A       45%         4
 Summon Forest            Summ/Tloc      7%         N/A       56%         5
 Call Canine Familiar     Summ           1%         N/A       63%         3
 Dazzling Flash           Conj/Hex       2%         N/A       63%         3
 Inner Flame              Hex/Fire       1%         N/A       63%         3
 Sigil of Binding         Hex            1%         N/A       63%         3
 Swiftness                Air            1%         N/A       63%         3
 Tukima's Dance           Hex            1%         N/A       63%         3
 Airstrike                Air            0%         2d(1-17)  95%         4
 Olgreb's Toxic Radiance  Alch           1%         N/A       95%         4
 Summon Lightning Spire   Summ/Air       1%         N/A       95%         4
 Arcjolt                  Conj/Air       0%         1d10      100%        5
 Irradiate                Conj/Alch      0%         3d11      100%        5
 Silence                  Hex/Air        0%         N/A       100%        5
 Yara's Violent Unravell  Hex/Alch       0%         3d3       100%        5
 Conjure Ball Lightning   Conj/Air       0%         3x3d6     100%        6
 Death Channel            Necr           0%         N/A       100%        6
 Eringya's Noxious Bog    Alch           0%         4d6       100%        6
 Plasma Beam              Fire/Air       0%         2x1d10    100%        6
 Sculpt Simulacrum        Ice/Alch       0%         N/A       100%        6
 Starburst                Conj/Fire      0%         6d3       100%        6
 Magnavolt                Erth/Air       5%         3d10      100%        7
 Ozocubu's Refrigeration  Ice            0%         4d7       100%        7
 Seismic Cannonade        Alch/Erth      5%         6d5       100%        7
 Summon Hydra             Summ           0%         N/A       100%        7
 Discord                  Hex            0%         N/A       100%        8
 Disjunction              Tloc           14%        N/A       100%        8
 Fulsome Fusillade        Conj/Alch      0%         (3-5)d4   100%        8
 Ignition                 Fire           0%         3d3       100%        8
 Lehudib's Crystal Spear  Conj/Erth      5%         10d3      100%        8
 Maxwell's Capacitive Co  Air            0%         ∞         100%        8
 Polar Vortex             Ice            0%         N/A       100%        9
 Dimensional Bullseye     Hex/Tloc       Unusable   N/A       N/A         4
 Sublimation of Blood     Necr           Unusable   N/A       N/A         2

Dungeon Overview and Level Annotations

Branches:
Dungeon (15/15)            Temple (1/1) D:4            Lair (5/5) D:8
 Shoals (4/4) Lair:3        Snake (4/4) Lair:3        Slime (5/5) Lair:5
    Orc (2/2) D:12            Elf (2/3) Orc:2        Vaults (4/5) D:14
  Crypt (0/3) Vaults:2     Depths (4/4) D:15            Zot (5/5) Depths:4
Volcano (visited)         Gauntlet (visited)

Altars:
Ashenzari
Cheibriados
Dithmenos
Elyvilon
Fedhas
Gozag
Hepliaklqana
Kikubaaqudgha
Makhleb
Nemelex Xobeh
Okawaru
Qazlal
Ru
Sif Muna
Trog
Uskayaw
Vehumet
Wu Jian
Xom
Yredelemnul
Zin
The Shining One
Beogh

Shops:
D:3 =?   D:9 *   Orc:1 (   Orc:2 ([[?   Elf:1 =   Snake:1 *   Vaults:1 (
Vaults:3 [   Depths:1 *

Portals:
Hell: Depths:3 Depths:4
Ziggurat: Depths:3

Annotations:
Temple exclusion: 11 downstairs
Shoals:1 1 runed translucent door, exclusion: door, planckenstein's ghost, journeyman MiBe
Shoals:2 Jorgrun
Shoals:3 exclusion: kraken
Shoals:4 exclusions: alligator snapping turtle, snapping turtle and water nymph, Polyphemus
Snake:2 exclusions: naga warrior and 2 more exclusions, Vashnia
Snake:3 1 runed translucent door, exclusions: door, salamander, salamander tyrant and upstairs
Snake:4 exclusions: 2 doors and shock serpent
Slime:1 exclusion: shining eye
Slime:4 exclusion: upstairs
Slime:5 exclusions: shining eye and 1 more exclusion
Elf:2 5 runed translucent doors, exclusion: hell hound, Zenata
Vaults:1 36 runed translucent doors
Vaults:3 Margery
Vaults:4 3 runed translucent doors, exclusion: 2 doors, Feagond's ghost, adept HOMo; Mennas
Depths:1 Boris
Depths:2 exclusions: caustic shrike and 1 more exclusion
Depths:4 1 runed translucent door, exclusion: deep troll
Zot:3 exclusion: upstairs


Innate Abilities, Weirdness & Mutations

You are a living statue of rough stone.
Your actions are slow, but your melee attacks are powerful.
You are resistant to unholy torment.
Your maximum health is greatly increased.
You are immune to poison.
You have sharp claws.
You have razor-sharp teeth.
You have supernaturally acute eyesight. (SInv)
((Your thick and shaggy fur keeps you warm. (AC +3, rC+)))
Your paws help you pounce on unaware monsters.
You are incapable of wielding weapons or throwing items.
You cannot wear armour.
You gain extra lives every three experience levels.
You are clumsy. (Dex -2)
Your body sometimes deteriorates upon taking damage.
You are dopey. (Int -2)
You are somewhat resistant to further mutation.
You occasionally shout uncontrollably at your foes.
You do not regenerate when monsters are visible.


Message History

Unknown command.
Your surroundings suddenly seem different.
Unknown command.
Unknown command.
Okay, then.
Magic restored.
HP restored.
There is an entrance to Gid Ewax's Jewellery Boutique here.
There is a stone staircase leading up here.
You climb upwards.
There is a stone staircase leading down here.
You feel yourself speed up.
There is a stone staircase leading up here.
You climb upwards.
There is a stone staircase leading down here.
Your extra speed is starting to run out.
A Tzitzimitl comes into view.
Unknown command.
Okay, then.
Casting: Passwall (mildly dangerous; 2% risk of failure)
Confirm with . or Enter, or press ? or * to list all spells.
Aiming: Passwall (mildly dangerous; 2% risk of failure)
Press: ? - help, Dir - move target A rock wall.
This square is covered in magical glow.
Okay, then.
Casting: Passwall (mildly dangerous; 2% risk of failure)
Confirm with . or Enter, or press ? or * to list all spells.
Aiming: Passwall (mildly dangerous; 2% risk of failure)
Press: ? - help, Dir - move target A rock wall.
This square is covered in magical glow.
You begin to meditate on the wall.
You continue meditating on the rock.
You feel yourself slow down.
You continue meditating on the rock. x2
You finish merging with the rock.
Blink to where?
Press: ? - help, Dir - move target
As you read the scroll of blinking, it crumbles to dust.
You have escaped!

÷.....#...........# ########.##
..÷##.#.###..#.♣.♣♣####..........
...##.#.# ##.♣.♣♣..♣.##.######.#÷
...##.#.# #⌠.♣♣.♣♣♣♣.§#.###......
...#....# #♣♣..∩.∩..♣.#.##...P...
...#.1..###.♣♣∩...∩♣♣.#.#..PP..P.
...#....##.♣.∩..ß..∩.♣♣.#.P....PP
...#....##♣.∩.......∩♣..#.PP.ß..P
##......##♣♣..ß.I.ß...♣...PP...PP
##.#....##..∩.......∩.♣....P..P..
##.#....##♣♣♣∩..ß..∩♣♣§###..PP...
##.#....# #♣..∩...§♣°§## ##.)...#
##.#....# #.♣♣♣∩.∩§§♣§# #######
##.####.# #§.♣♣..♣♣♣§.# ...####.#
##♣..♣...♣♣##
####..#.######♣♣.♣♣#
#..#..........#


There were no monsters in sight!

Vanquished Creatures
  the Royal Jelly (Slime:5)
  2 ancient liches (Zot:5)
  A dread lich (Zot:4)
  10 orbs of fire
  Boris (Vaults:4)
  2 Killer Klowns (Zot:5)
  Saint Roka (Orc:2)
  4 golden dragons
  Nikola (Snake:1)
  A bone dragon (Depths:4)
  3 electric golems
  A Brimstone Fiend (D:13)
  A lich (Depths:2)
  12 tentacled monstrosities
  A titan (Depths:4)
  25 Orb Guardians
  4 quicksilver dragons
  Gastronok (Lair:1)
  5 death cobs
  4 sphinxes
  14 acid blobs
  2 Executioners
  9 storm dragons
  Aizul (Shoals:2)
  9 shadow dragons
  A tengu reaver (Depths:4)
  Kirke (D:12)
  2 draconian monks (Zot:1)
  8 azure jellies
  Roxanne (Elf:2)
  7 rockslimes
  13 nagarajas (Snake:4)
  5 fire giants
  4 frost giants
  3 draconian knights
  8 protean progenitors
  5 ghost moths
  2 draconian scorchers (Zot:5)
  8 vault wardens
  19 ironbound preservers
  A draconian annihilator (Zot:4)
  4 formless jellyfish
  2 spectral caustic shrikes (Depths:4)
  An orc warlord (D:14)
  4 stone giants
  10 quicksilver oozes
  3 very ugly things (Depths:3)
  8 ironbound thunderhulks
  2 vampire knights
  A deep elf demonologist (Elf:1)
  6 purple draconians
  13 green draconians
  7 red draconians
  6 white draconians
  9 dire elephants
  5 spark wasps
  A bunyip (Zot:3)
  4 black draconians
  10 yellow draconians
  4 merfolk javelineers
  3 ettins
  A green death (Depths:4)
  4 fire dragons
  13 merfolk impalers
  9 yaktaur captains
  9 great orbs of eyes
  4 ice dragons
  7 vault guards
  2 merfolk avatars
  3 hydras
  A salamander tyrant (Snake:2)
  4 ironbound frosthearts
  A spriggan air mage (Depths:3)
  2 catoblepae
  9 merfolk aquamancers
  5 boulder beetles
  5 centaur warriors
  An alligator snapping turtle (Shoals:2)
  8 anacondas
  7 dancing weapons
  2 deep troll shamans
  6 two-headed ogres
  4 death yaks
  2 satyrs
  2 tengu warriors
  4 orc high priests (Orc:2)
  4 spriggan berserkers
  An occultist (Depths:2)
  A soul eater (Depths:4)
  2 deep troll earth magi
  15 naga warriors
  17 naga sharpshooters
  11 deep elf knights
  Nergalle (Orc:2)
  5 shock serpents
  3 salamander mystics
  A sixfirhy (Zot:4)
  3 iron trolls
  4 skysharks
  A fire crab (shapeshifter) (D:15)
  54 deep trolls
  A goliath frog (Zot:3)
  2 spectral anacondas (Snake:4)
  5 sea snakes
  10 deep elf archers
  3 glowing orange brains
  Pikel (D:4)
  7 naga ritualists
  9 deep elf zephyrmancers
  10 mana vipers
  An anaconda skeleton (Snake:4)
  6 arcanists
  10 ironbound convokers
  5 lindwurms
  A necromancer (Vaults:4)
  11 orc knights
  12 fauns
  15 deep elf pyromancers
  13 harpies
  3 shining eyes
  4 obsidian bats (Orc:2)
  A wolf spider (Lair:5)
  2 cyclopes
  3 orc sorcerers (Orc:2)
  29 ugly things
  10 salamanders
  13 moths of wrath
  11 manticores
  A meliai (D:15)
  5 kobold blastminers (Orc:2)
  7 merfolk sirens
  13 elephants
  12 water nymphs
  13 naga magi
  40 black mambas
  7 guardian serpents
  8 cane toads
  A gargoyle (D:13)
  6 vault sentinels
  A torpor snail (Lair:4)
  Jeremiah (D:8)
  The ghost of unum13 the Shooter, a novice DgHs (D:5)
  An unseen horror (D:9)
  2 efreet
  4 rime drakes
  A spectral sea snake (Snake:4)
  A hellion (Depths:4)
  An anaconda simulacrum (Snake:4)
  5 kobold demonologists
  2 ice devils (Lair:5)
  5 komodo dragons
  21 yaktaurs
  A freezing wraith (D:14)
  20 merfolk
  3 spectral nagas (Snake:4)
  A sea snake skeleton (Snake:4)
  11 trolls
  A spectral guardian serpent (Snake:4)
  A queen bee (Lair:5)
  A merfolk (shapeshifter) (Depths:4)
  4 wind drakes
  A queen bee (shapeshifter) (Elf:2)
  8 hornets
  A hellwing (Zot:3)
  3 glass eyes
  A polar bear (shapeshifter) (D:13)
  A jumping spider (shapeshifter) (Vaults:3)
  21 blink frogs
  3 dream sheep (Zot:2)
  5 snapping turtles
  A human simulacrum (Vaults:3)
  100 slime creatures
  2 centaur simulacra (D:14)
  12 wyverns
  5 spriggans
  5 air elementals
  14 water elementals
  4 wraiths
  A shadow (D:8)
  A vampire (D:10)
  5 hogs
  3 fire elementals
  100 yaks
  A fire bat (Volcano)
  4 basilisks
  5 golden eyes
  2 steam dragons
  6 wargs
  5 redbacks (Lair:5)
  A steam dragon (shapeshifter) (D:9)
  4 vampire mosquitoes
  Menkaure (D:4)
  A chaos spawn (Depths:4)
  A sea snake simulacrum (Snake:4)
  42 nagas
  An acid dragon (D:14)
  2 hell hounds (D:9)
  2 naga skeletons (Snake:4)
  A moth of wrath simulacrum (Zot:4)
  15 water moccasins
  A sky beast (D:7)
  4 guardian serpent simulacra (Snake:4)
  3 ice beasts
  43 orc warriors
  2 black bears
  2 laughing skulls (D:13)
  10 ogres
  A human zombie (Vaults:3)
  Pargi (D:4)
  15 wolves
  8 centaurs
  A phantom (D:4)
  3 lemures (D:4)
  22 bullfrogs
  An earth elemental (Elf:1)
  13 kobold brigands
  A scorpion (D:5)
  2 gnoll sergeants
  3 wights (D:9)
  21 killer bees (Lair:5)
  4 howler monkeys
  2 electric eels
  3 lava snakes (Lair:3)
  5 hounds
  8 jellies
  35 orc priests
  A bombardier beetle (D:5)
  2 sleepcaps
  Ijyb (D:4)
  An iguana (D:4)
  20 orc wizards
  2 hound zombies (D:5)
  12 gnolls
  13 adders
  A white imp (D:5)
  3 dart slugs
  A ribbon worm (D:2)
  132 orcs
  6 ball pythons
  2 bats (D:1)
  5 endoplasms
  2 giant cockroaches (D:1)
  3 goblins
  2 hobgoblins
  5 jackals (D:1)
  39 kobolds
  3 quokkas
  A frilled lizard (D:3)
  2 rats (D:2)
  An aspiring flesh (Zot:3)
  A butterfly (Lair:3)
1811 creatures vanquished.

Vanquished Creatures (collateral kills)
  Josephina (Zot:4)
  A golden dragon (Zot:4)
  An Orb Guardian (Zot:4)
  An acid blob (Slime:5)
  A shadow dragon (Zot:5)
  A vault warden (Vaults:2)
  A formless jellyfish (Vaults:4)
  3 vault guards
  An ironbound convoker (Vaults:3)
  A deep elf pyromancer (Elf:2)
  3 shining eyes
  A vault sentinel (Vaults:2)
  A golden dragon simulacrum (Zot:4)
  A fire elemental (Elf:1)
  3 moth of wrath simulacra (Zot:4)
21 creatures vanquished.

Vanquished Creatures (others)
  A golden dragon (Zot:1)
  A protean progenitor (Zot:2)
  A great orb of eyes (Vaults:3)
  A dancing weapon (Elf:1)
  A deep troll shaman (Depths:2)
  A skyshark (Shoals:2)
  An ironbound convoker (Vaults:3)
  A harpy (Shoals:2)
  A moth of wrath (Zot:1)
  A naga mage (Snake:1)
  A polar bear (shapeshifter) (Elf:1)
  A blink frog (Lair:4)
  4 nagas (Snake:1)
16 creatures vanquished.

Grand Total: 1848 creatures vanquished

Notes
Turn   | Place    | Note
-------+----------+-------------------------------------------
     0 | D:5      | Prakerore the Felid Delver began the quest for the Orb.
     0 | D:5      | Reached XP level 1. HP: 12/12 MP: 2/2
   142 | D:5      | Noticed a centaur
   149 | D:4      | Noticed Ijyb
   156 | D:4      | Noticed Menkaure
   163 | D:4      | Reached skill level 3 in Dodging
   163 | D:4      | Reached XP level 2. HP: 16/16 MP: 3/3
   212 | D:4      | Found the +9 sword of Zonguldrok {reap}
   273 | D:3      | Found a faded altar of an unknown god.
   290 | D:3      | Killed from afar by an orc priest
   290 | D:3      | Lost a life (0 lives remaining)
   462 | D:1      | Reached skill level 4 in Dodging
   978 | D:1      | Reached XP level 3. HP: 20/20 MP: 4/4
  2237 | D:3      | Found a radiant altar of Vehumet.
  2380 | D:3      | Prayed at the altar of an unknown god.
  2380 | D:3      | Became a worshipper of the Shining One
  2380 | D:3      | Reached * piety under the Shining One
  2405 | D:3      | Reached XP level 4. HP: 6/24 MP: 5/5
  2405 | D:3      | Gained a life (1 life remaining)
  2518 | D:4      | Noticed a phantom
  2528 | D:4      | Found a staircase to the Ecumenical Temple.
  2538 | Temple   | Entered the Ecumenical Temple
  2554 | Temple   | Fell from the grace of the Shining One
  2554 | Temple   | Became a worshipper of Elyvilon the Healer
  2665 | D:5      | Noticed an ogre
  2732 | D:4      | Found an opulent altar of Gozag.
  2965 | D:5      | Identified the +0 robe "Dielet" {rCorr Int+3}
  3336 | D:5      | Killed a centaur
  3337 | D:5      | Reached XP level 5. HP: 17/28 MP: 6/6
  3404 | D:5      | Noticed a black bear
  3411 | D:5      | Reached skill level 5 in Unarmed Combat
  3484 | D:6      | Reached * piety under Elyvilon
  3771 | D:7      | Noticed an orc warrior
  3775 | D:6      | Elyvilon protects you from harm!
  3777 | D:6      | HP: 1/28 [poisoned by a kobold brigand]
  3777 | D:6      | Slain by a kobold
  3777 | D:6      | Lost a life (0 lives remaining)
  3851 | D:6      | Gained mutation: You are covered in thick fur. (AC +2)
                  | [Felid growth]
  3851 | D:6      | Reached XP level 6. HP: 22/32 MP: 7/7
  3943 | D:7      | Noticed a steam dragon
  4052 | D:7      | Killed an orc warrior
  4053 | D:7      | Reached skill level 1 in Shapeshifting
  4115 | D:7      | Reached ** piety under Elyvilon
  4243 | D:7      | Noticed an ice beast
  4279 | D:7      | Reached XP level 7. HP: 36/36 MP: 8/8
  4279 | D:7      | Gained a life (1 life remaining)
  4628 | D:8      | Noticed a troll
  4944 | D:7      | Reached skill level 5 in Shapeshifting
  5091 | D:8      | Found a staircase to the Lair.
  5144 | Lair:1   | Entered Level 1 of the Lair of Beasts
  5145 | Lair:1   | Noticed Gastronok
  5149 | Lair:1   | Noticed a yak
  5152 | Lair:1   | Noticed a blink frog
  5152 | Lair:1   | Noticed a blink frog
  5157 | Lair:1   | Noticed a yak
  5157 | Lair:1   | Noticed a yak
  5157 | Lair:1   | Noticed a yak
  5157 | Lair:1   | Noticed a blink frog
  5157 | Lair:1   | Noticed a blink frog
  5162 | Lair:1   | Noticed a blink frog
  5181 | Lair:1   | Reached *** piety under Elyvilon
  5189 | Lair:1   | Noticed a cane toad
  5219 | Lair:1   | Noticed a basilisk
  5241 | Lair:1   | Reached skill level 1 in Invocations
  5321 | Lair:1   | Noticed a yak
  5323 | Lair:1   | Noticed a yak
  5352 | Lair:1   | Noticed a blink frog
  5359 | Lair:1   | Noticed a blink frog
  5359 | Lair:1   | Noticed a blink frog
  5374 | Lair:2   | Noticed an eight-headed hydra
  5505 | Lair:2   | Reached XP level 8. HP: 22/40 MP: 9/11
  5551 | Lair:2   | Found a gate leading to a gauntlet.
  5559 | Gauntlet | Entered a Gauntlet
  5559 | Gauntlet | Noticed a raiju
  5559 | Gauntlet | Reached **** piety under Elyvilon
  5559 | Gauntlet | Found a transporter.
  5582 | Gauntlet | Found a transporter.
  5593 | Gauntlet | Found a transporter.
  5594 | Gauntlet | Noticed a raiju
  5596 | Gauntlet | Found a transporter.
  5605 | Gauntlet | Found a transporter.
  5622 | Gauntlet | Found a transporter.
  5623 | Gauntlet | Noticed a fire crab
  5633 | Gauntlet | Found a transporter.
  5636 | Gauntlet | Found a runed translucent gate.
  5636 | Gauntlet | Found a runed translucent gate.
  5636 | Gauntlet | Found a runed translucent gate.
  5636 | Gauntlet | Found the +4 robe of Folly {Brill Will-∞ Int+8}
  5643 | Gauntlet | Found a transporter.
  5645 | Gauntlet | Noticed a green death
  5646 | Gauntlet | Noticed a green death
  5648 | Gauntlet | Found a transporter.
  5662 | Gauntlet | Found a transporter.
  5665 | Gauntlet | Noticed an arcanist
  5676 | Gauntlet | Found a transporter.
  5678 | Gauntlet | Found a transporter.
  5728 | Gauntlet | Found a transporter.
  5776 | Gauntlet | Found a transporter.
  5800 | Lair:2   | Noticed a cane toad
  5805 | Lair:2   | Pacified a cane toad
  5921 | Lair:3   | Noticed an elephant
  6009 | Lair:4   | Reached skill level 5 in Invocations
  6014 | Lair:4   | Noticed a cane toad
  6014 | Lair:4   | Noticed a komodo dragon
  6018 | Lair:4   | Pacified a komodo dragon
  6048 | Lair:4   | Found a dark tunnel.
  6053 | Volcano  | Entered a volcano
  6626 | Lair:4   | Noticed a torpor snail
  6626 | Lair:4   | Noticed a blink frog
  6626 | Lair:4   | Noticed a blink frog
  6627 | Lair:4   | Noticed a blink frog
  6639 | Lair:4   | Pacified a blink frog
  6640 | Lair:4   | Reached XP level 9. HP: 44/44 MP: 8/13
  6849 | Lair:2   | Elyvilon protects you from harm!
  6919 | Lair:2   | Noticed a komodo dragon
  7282 | Lair:2   | Noticed a rime drake
  7353 | Lair:2   | Noticed a rime drake
  7764 | Lair:1   | Noticed a catoblepas
  7974 | Lair:1   | Pacified a cane toad
  7975 | Lair:1   | Reached skill level 6 in Dodging
  8009 | Lair:2   | Noticed a rime drake
  8023 | Lair:2   | Noticed a cane toad
  8049 | Lair:2   | Pacified a rime drake
  8050 | Lair:2   | Reached skill level 7 in Dodging
  8157 | Lair:4   | Noticed a catoblepas
  8248 | Lair:4   | Reached skill level 8 in Dodging
  8315 | Lair:3   | Noticed a cane toad
  8329 | Lair:3   | Reached XP level 10. HP: 44/49 MP: 14/14
  8329 | Lair:3   | Gained a life (2 lives remaining)
  8375 | Lair:3   | Pacified a cane toad
  8376 | Lair:3   | Reached skill level 9 in Dodging
  8690 | Lair:3   | Reached skill level 10 in Dodging
  9387 | D:4      | Killed Menkaure
  9388 | D:4      | Reached skill level 11 in Dodging
  9791 | D:3      | Found Gid Ewax's Jewellery Boutique.
  9799 | D:3      | Bought a ring of poison resistance for 260 gold pieces
  9853 | D:3      | Found a glowing golden altar of the Shining One.
  9935 | D:3      | Found Ischodainink's Magic Scroll Shop.
  9957 | D:3      | Bought a scroll of teleportation for 33 gold pieces
  9957 | D:3      | Bought a scroll of fear for 44 gold pieces
 10038 | D:4      | Noticed Pikel
 10156 | D:4      | Killed Pikel
 10157 | D:4      | Reached skill level 12 in Dodging
 10305 | D:4      | Found an iron altar of Okawaru.
 10373 | D:4      | Found a glowing silver altar of Zin.
 10373 | D:4      | Noticed Pargi
 10383 | D:4      | Killed Pargi
 10733 | D:4      | Killed Ijyb
 10785 | D:5      | Found a runed translucent gate.
 10785 | D:5      | Found a runed translucent gate.
 10785 | D:5      | Found a runed translucent gate.
 10785 | D:5      | Noticed unum13's ghost (novice DgHs)
 10787 | D:5      | Found a basalt altar of Yredelemnul.
 10811 | D:5      | Killed unum13's ghost
 11661 | D:6      | Reached skill level 10 in Shapeshifting
 12509 | D:8      | Reached XP level 11. HP: 42/53 MP: 15/15
 12752 | D:8      | Noticed Jeremiah
 12801 | D:8      | Killed Jeremiah
 13132 | D:8      | Identified the +8 flail of Yguteam {venom, rC+ Dex+3
                  | Stlth+}
 13386 | D:5      | Reached skill level 13 in Dodging
 13444 | D:3      | Bought a ring of willpower for 325 gold pieces
 14116 | D:9      | Found an ornate altar of the Wu Jian Council.
 14182 | D:9      | Found Faqaolor's Assorted Antiques.
 14233 | D:9      | Reached skill level 14 in Dodging
 14464 | D:9      | Noticed a two-headed ogre
 14656 | D:10     | Entered Level 10 of the Dungeon
 14788 | D:10     | Reached skill level 15 in Dodging
 15824 | D:10     | Noticed a soul eater
 15828 | D:10     | Noticed a soul eater
 16036 | D:11     | Reached skill level 16 in Dodging
 16212 | D:11     | Learned a level 1 spell: Apportation
 16215 | D:11     | Reached ***** piety under Elyvilon
 17308 | D:9      | Bought a purple potion for 27 gold pieces
 17308 | D:9      | Bought a brown potion for 27 gold pieces
 17308 | D:9      | Bought a scroll labelled FELUKHL RAMI for 31 gold pieces
 17308 | D:9      | Bought a scroll labelled BUM FOTONGEIH for 31 gold pieces
 17525 | Lair:2   | Gained mutation: Your thick and shaggy fur keeps you warm.
                  | (AC +3, rC+) [Felid growth]
 17525 | Lair:2   | Reached XP level 12. HP: 46/58 MP: 12/18
 17864 | Lair:3   | Found a staircase to the Snake Pit.
 18827 | Lair:3   | Found a staircase to the Shoals.
 19043 | Lair:5   | Entered Level 5 of the Lair of Beasts
 19064 | Lair:4   | Pacified a catoblepas
 19073 | Lair:4   | Noticed an eight-headed hydra
 19075 | Lair:4   | Pacified an eight-headed hydra
 19076 | Lair:4   | Reached skill level 5 in Fighting
 19108 | Lair:4   | Found a sparkling altar of Nemelex Xobeh.
 19329 | Lair:5   | Found a staircase to the Slime Pits.
 19426 | Lair:4   | Reached skill level 10 in Invocations
 20611 | Lair:5   | Reached skill level 17 in Dodging
 20879 | Lair:5   | Reached XP level 13. HP: 56/65 MP: 22/22
 22364 | Lair:5   | Reached skill level 5 in Evocations
 25001 | Lair:2   | Reached skill level 10 in Evocations
 25446 | D:8      | Reached skill level 18 in Dodging
 26214 | D:7      | Found a shadowy altar of Dithmenos.
 26215 | D:7      | Found a hazy altar of Hepliaklqana.
 27020 | D:12     | Found a staircase to the Orcish Mines.
 27071 | D:12     | Noticed Kirke
 28284 | D:11     | Reached XP level 14. HP: 62/70 MP: 23/23
 28733 | D:12     | Killed Kirke
 29880 | D:13     | Reached skill level 19 in Dodging
 30075 | D:13     | Found a sacrificial altar of Ru.
 32401 | D:14     | Found a gate to the Vaults.
 32979 | D:13     | Reached skill level 20 in Dodging
 33308 | Orc:1    | Entered Level 1 of the Orcish Mines
 33333 | Orc:1    | Noticed Nergalle
 33391 | Orc:2    | Entered Level 2 of the Orcish Mines
 34375 | Orc:1    | Found Raemusol's Weapon Emporium.
 35249 | Orc:2    | Killed Nergalle
 35725 | Orc:2    | Found Mahut's Antique Weapon Emporium.
 36180 | Orc:2    | Found a roughly hewn altar of Beogh.
 36507 | Orc:2    | Found Qaitoud's Antique Armour Shoppe.
 36556 | Orc:2    | Reached skill level 21 in Dodging
 36701 | Orc:2    | Reached XP level 15. HP: 77/77 MP: 24/24
 37946 | Orc:2    | Found a staircase to the Elven Halls.
 38413 | Orc:2    | Reached skill level 22 in Dodging
 38612 | Orc:2    | Found Namolede's Antique Armour Shop.
 39066 | Orc:2    | Found Hurhul's Magic Scroll Emporium.
 39116 | Orc:2    | Noticed Saint Roka
 39907 | D:3      | Bought a scroll of vulnerability for 44 gold pieces
 40224 | Orc:2    | Killed Saint Roka
 40346 | Orc:2    | Bought a scroll of teleportation for 51 gold pieces
 40346 | Orc:2    | Bought a scroll of butterflies for 68 gold pieces
 40357 | Orc:2    | Found a roughly hewn altar of Beogh.
 41156 | D:9      | Reached skill level 23 in Dodging
 41212 | D:10     | Found a portal to a secret trove of treasure.
 41230 | Trove    | Entered a treasure trove
 41618 | D:15     | Entered Level 15 of the Dungeon
 41773 | D:15     | Found a flickering gateway to a bazaar.
 41797 | Bazaar   | Entered a bazaar
 41797 | Bazaar   | Found Pifig's Assorted Antiques.
 41801 | Bazaar   | Found Luallihy's Jewellery Boutique.
 41820 | Bazaar   | Found Bori's Jewellery Emporium.
 41849 | Bazaar   | Found Ycsusis's General Store.
 41855 | Bazaar   | Found Lingout's Weapon Emporium.
 41883 | Bazaar   | Bought an inky potion for 16 gold pieces
 41883 | Bazaar   | Bought 2 silvery potions for 32 gold pieces
 41890 | Bazaar   | Bought an amulet of guardian spirit for 480 gold pieces
 41912 | Bazaar   | Bought a serpent talisman for 330 gold pieces
 42250 | Lair:1   | Killed Gastronok
 43319 | Snake:1  | Entered Level 1 of the Snake Pit
 43981 | Snake:2  | Noticed Vashnia
 44777 | Snake:3  | Found a runed translucent door.
 45893 | Snake:2  | Reached XP level 16. HP: 81/81 MP: 25/25
 47316 | Snake:4  | Entered Level 4 of the Snake Pit
 48621 | Snake:4  | Reached skill level 15 in Evocations
 50898 | Snake:3  | Reached skill level 10 in Unarmed Combat
 53090 | Snake:4  | Learned a level 4 spell: Passage of Golubria
 53613 | Snake:4  | Reached skill level 1 in Translocations
 53975 | Snake:4  | Reached skill level 5 in Translocations
 55481 | Snake:4  | Got a serpentine rune of Zot
 55650 | Snake:1  | Reached skill level 1 in Spellcasting
 55685 | Snake:1  | Found Lnwam's Luxury Loot.
 55766 | Snake:1  | Bought a potion of lignification for 39 gold pieces
 55919 | Snake:1  | Reached XP level 17. HP: 41/87 MP: 10/26
 56181 | Snake:1  | Reached skill level 10 in Translocations
 56209 | Snake:1  | Noticed Donald
 56568 | Snake:1  | Noticed Nikola
 56999 | Snake:1  | HP: 2/104 [naga sharpshooter/arrow (14)]
 60163 | Shoals:1 | Entered Level 1 of the Shoals
 60357 | D:3      | Bought a ring of protection from fire for 325 gold pieces
 60537 | Shoals:1 | Upgraded the game from 0.32-a0-932-g546787307d to
                  | 0.32-a0-996-gb3226c233f
 61474 | Shoals:3 | Identified the serpent talisman of Sloth {+Blink Str+2}
 61474 | Shoals:3 | Noticed Aizul
 61491 | Shoals:2 | Killed Aizul
 61786 | Shoals:4 | Entered Level 4 of the Shoals
 61786 | Shoals:4 | Noticed Polyphemus
 62018 | Shoals:4 | Reached skill level 10 in Fighting
 62537 | Shoals:4 | Noticed a kraken
 64207 | Shoals:4 | Got an azure gem with 0 turns to spare
 64209 | Shoals:4 | Got a barnacled rune of Zot
 64772 | Vaults:1 | Entered Level 1 of the Vaults
 65517 | Vaults:2 | Reached XP level 18. HP: 98/98 MP: 22/28
 67134 | Vaults:3 | Noticed Margery
 69397 | Vaults:1 | Found Rootwiz's Weapon Emporium.
 69824 | Vaults:1 | Found a huge runed translucent gate.
 69824 | Vaults:1 | Found a huge runed translucent gate.
 69824 | Vaults:1 | Found a huge runed translucent gate.
 69825 | Vaults:1 | Found a huge runed translucent gate.
 69827 | Vaults:1 | Found a huge runed translucent gate.
 69827 | Vaults:1 | Found a huge runed translucent gate.
 69828 | Vaults:1 | Found a huge runed translucent gate.
 69828 | Vaults:1 | Found a huge runed translucent gate.
 69828 | Vaults:1 | Found a huge runed translucent gate.
 69829 | Vaults:1 | Found a huge runed translucent gate.
 69829 | Vaults:1 | Found a huge runed translucent gate.
 69829 | Vaults:1 | Found a huge runed translucent gate.
 69829 | Vaults:1 | Found a huge runed translucent gate.
 69831 | Vaults:1 | Found a huge runed translucent gate.
 69833 | Vaults:1 | Found a huge runed translucent gate.
 69833 | Vaults:1 | Found a huge runed translucent gate.
 69833 | Vaults:1 | Found a huge runed translucent gate.
 69833 | Vaults:1 | Found a huge runed translucent gate.
 69835 | Vaults:1 | Found a huge runed translucent gate.
 69836 | Vaults:1 | Found a huge runed translucent gate.
 69840 | Vaults:1 | Found a huge runed translucent gate.
 69840 | Vaults:1 | Found a huge runed translucent gate.
 69845 | Vaults:1 | Found a huge runed translucent gate.
 69846 | Vaults:1 | Found a huge runed translucent gate.
 69846 | Vaults:1 | Found a huge runed translucent gate.
 69846 | Vaults:1 | Found a huge runed translucent gate.
 69846 | Vaults:1 | Found a huge runed translucent gate.
 69848 | Vaults:1 | Found a huge runed translucent gate.
 69849 | Vaults:1 | Found a huge runed translucent gate.
 69850 | Vaults:1 | Found a huge runed translucent gate.
 69850 | Vaults:1 | Found a huge runed translucent gate.
 69855 | Vaults:1 | Found a huge runed translucent gate.
 69855 | Vaults:1 | Found a huge runed translucent gate.
 70942 | Vaults:1 | Found a huge runed translucent gate.
 70942 | Vaults:1 | Found a huge runed translucent gate.
 70942 | Vaults:1 | Found a huge runed translucent gate.
 72351 | Vaults:2 | Reached XP level 19. HP: 104/104 MP: 30/30
 72497 | Vaults:2 | Found a staircase to the Crypt.
 72497 | Vaults:2 | Found an ancient bone altar of Kikubaaqudgha.
 72498 | Vaults:2 | Found a basalt altar of Yredelemnul.
 72764 | Vaults:4 | Noticed Mennas
 72965 | Vaults:3 | Found Ricohace's Antique Armour Emporium.
 74951 | Vaults:3 | Reached skill level 15 in Unarmed Combat
 76363 | Vaults:3 | Reached skill level 15 in Invocations
 77087 | Vaults:4 | Identified the +2 robe "Urhe" {rCorr Str+3}
 77087 | Vaults:4 | Noticed Boris
 77102 | Vaults:4 | Killed Boris
 77710 | Vaults:4 | Found a runed translucent gate.
 77710 | Vaults:4 | Found a runed translucent gate.
 77710 | Vaults:4 | Found a runed translucent gate.
 77711 | Vaults:4 | Noticed Feagond's ghost (adept HOMo)
 78256 | Snake:1  | Killed Nikola
 78554 | Snake:1  | Pacified Donald
 80380 | Snake:4  | Reached skill level 15 in Fighting
 81921 | Lair:3   | Reached XP level 20. HP: 113/113 MP: 29/32
 82089 | Shoals:1 | Found a runed translucent door.
 82091 | Shoals:1 | Noticed planckenstein's ghost (journeyman MiBe)
 82289 | Shoals:1 | Identified a scroll of acquirement
 82298 | Shoals:1 | Acquired the ring "Yzxod" {rF+ rC+ Dex+2}
 82983 | Shoals:2 | Noticed Jorgrun
 83254 | Shoals:2 | Identified the +4 orcbow of Ridin {heavy, rC+ rN+ Str+5}
 84186 | Shoals:2 | Reached ****** piety under Elyvilon
 86086 | D:15     | Found a staircase to the Depths.
 86875 | Elf:1    | Entered Level 1 of the Elven Halls
 86920 | Elf:1    | Found Lacosh's Jewellery Boutique.
 87176 | Elf:1    | Identified the ring "Ozoufiqaro" {Fire Will- Str+9 Dex+3}
 87593 | Elf:1    | Found an ancient bone altar of Kikubaaqudgha.
 87709 | Elf:1    | Identified the ring "Ipnytoaff" {Str+3 Dex+6}
 88540 | Elf:1    | Paralysed by an air elemental for 1 turns
 88831 | Elf:2    | Noticed Agnes
 88839 | Elf:1    | Pacified Agnes
 89110 | Elf:2    | Noticed Roxanne
 89119 | Elf:2    | Killed Roxanne
 89198 | Elf:2    | Found a huge runed translucent gate.
 89198 | Elf:2    | Found a huge runed translucent gate.
 89199 | Elf:2    | Found a huge runed translucent gate.
 89204 | Elf:2    | Found a huge runed translucent gate.
 89204 | Elf:2    | Found a huge runed translucent gate.
 89242 | Elf:2    | Paralysed by an air elemental for 1 turns
 89356 | Elf:2    | Noticed Zenata
 89626 | Depths:1 | Entered Level 1 of the Depths
 89646 | Depths:1 | Found Xuhiav Apte's Distillery.
 89656 | Depths:1 | Bought a potion of heal wounds for 95 gold pieces
 89656 | Depths:1 | Bought a potion of heal wounds for 95 gold pieces
 89656 | Depths:1 | Bought a potion of ambrosia for 152 gold pieces
 89656 | Depths:1 | Bought a potion of mutation for 152 gold pieces
 90319 | Depths:2 | Noticed a caustic shrike
 90369 | Depths:1 | Found Myngupp's Mail-Order Catalogue.
 90418 | Depths:3 | Found a gateway to Hell.
 90422 | Depths:3 | Found a one-way gateway to a ziggurat.
 90491 | Depths:4 | Entered Level 4 of the Depths
 90597 | Depths:3 | Reached XP level 21. HP: 117/117 MP: 33/33
 90886 | Depths:4 | Found the +2 shield of Resistance {rF++ rC++ Will++}
 91017 | Depths:4 | Noticed a golden dragon
 91427 | Depths:4 | Reached skill level 15 in Shapeshifting
 91449 | Depths:4 | Killed a golden dragon
 91751 | Depths:4 | Found a gate to the Realm of Zot.
 91752 | Depths:4 | Found a runed translucent door.
 92110 | Slime:1  | Entered Level 1 of the Pits of Slime
 92450 | Slime:1  | Gained mutation: You are occasionally teleported next to
                  | monsters. [a shining eye]
 92454 | Slime:1  | Lost mutation: You are occasionally teleported next to
                  | monsters. [potion of mutation]
 92454 | Slime:1  | Gained mutation: You are robust. (+10% HP) [potion of
                  | mutation]
 92454 | Slime:1  | Gained mutation: You are clumsy. (Dex -2) [potion of
                  | mutation]
 92454 | Slime:1  | Gained mutation: Your flesh is heat resistant. (rF+)
                  | [potion of mutation]
 92969 | Slime:5  | Entered Level 5 of the Pits of Slime
 93307 | Slime:5  | Found the +8 orange crystal plate armour {Archmagi, Int+3
                  | Clar}
 93309 | Slime:5  | Found the +0 pair of gloves of the gadgeteer {Gadgeteer
                  | Wandboost ^Fragile}
 93661 | Slime:5  | Found the crystal ball of Wucad Mu {*channel}
 93817 | Slime:5  | Noticed the Royal Jelly
 93838 | Slime:5  | Killed the Royal Jelly
 94233 | Slime:5  | Got the Opusculum on Limned Bedrock
 94244 | Slime:5  | Got a slimy rune of Zot
 94256 | Slime:5  | Learned a level 3 spell: Passwall
 94259 | Slime:5  | Learned a level 2 spell: Blink
 94459 | Slime:5  | Identified the ring of Trepidation {rF+ Will- rCorr Int+6
                  | Dex+3}
 94991 | Zot:1    | Entered Level 1 of the Realm of Zot
 94991 | Zot:1    | Noticed a golden dragon
 94991 | Zot:1    | Noticed a golden dragon
 95002 | Zot:2    | Reached skill level 1 in Earth Magic
 95054 | Zot:3    | Noticed a golden dragon
 95068 | Zot:3    | Killed a golden dragon
 95412 | Zot:3    | Reached XP level 22. HP: 136/136 MP: 28/34
 95695 | Zot:3    | You fall into a shaft and drop 1 floor!
 95733 | Zot:4    | Reached skill level 5 in Earth Magic
 95980 | Zot:4    | Identified the ring of Niwott {Ice rPois Str-2 Int+8
                  | Stlth+}
 95980 | Zot:4    | Noticed Josephina
 95992 | Zot:4    | Killed Josephina
 95996 | Zot:4    | Noticed a golden dragon
 96004 | Zot:4    | Killed a golden dragon
 96131 | Zot:3    | Noticed an orb of fire
 96142 | Zot:4    | Killed an orb of fire
 96227 | Zot:3    | Noticed an orb of fire
 96246 | Zot:3    | Gained mutation: You occasionally lose the ability to read
                  | scrolls when taking damage. [an orb of fire]
 96247 | Zot:3    | Killed an orb of fire
 96499 | Zot:1    | Noticed a golden dragon
 96502 | Zot:1    | Noticed a golden dragon
 96516 | Zot:1    | Killed a golden dragon
 96524 | Zot:1    | Killed a golden dragon
 96900 | Zot:1    | Pacified a golden dragon
 96900 | Zot:1    | Killed a golden dragon
 97183 | Zot:1    | Pacified a golden dragon
 97776 | D:3      | Bought a scroll of revelation for 82 gold pieces
 97776 | D:3      | Bought a scroll of vulnerability for 44 gold pieces
 97776 | D:3      | Bought a scroll of immolation for 44 gold pieces
 98020 | Depths:1 | Bought a potion of curing for 57 gold pieces
 98020 | Depths:1 | Bought a potion of enlightenment for 95 gold pieces
 98020 | Depths:1 | Bought a potion of enlightenment for 95 gold pieces
 98020 | Depths:1 | Bought a potion of might for 76 gold pieces
 98020 | Depths:1 | Bought a potion of curing for 57 gold pieces
 98020 | Depths:1 | Bought a potion of curing for 57 gold pieces
 98177 | Orc:2    | Bought a scroll of silence for 161 gold pieces
 98177 | Orc:2    | Bought a scroll of poison for 68 gold pieces
 98177 | Orc:2    | Bought a scroll of immolation for 68 gold pieces
 98177 | Orc:2    | Bought a scroll of poison for 68 gold pieces
 98177 | Orc:2    | Bought a scroll of vulnerability for 68 gold pieces
 98328 | D:9      | Bought a potion of haste for 310 gold pieces
 98328 | D:9      | Bought a scroll of blinking for 232 gold pieces
 99075 | Zot:5    | Entered Level 5 of the Realm of Zot
 99959 | Zot:5    | Reached XP level 23. HP: 143/143 MP: 27/35
101811 | Zot:5    | Noticed a dread lich
101846 | Zot:5    | Noticed an orb of fire
101918 | Zot:4    | Gained mutation: Your flesh is very heat resistant. (rF++)
                  | [an orb of fire]
101929 | Zot:4    | Lost mutation: You are robust. (+10% HP) [an orb of fire]
101930 | Zot:4    | Killed an orb of fire
101931 | Zot:4    | Reached skill level 24 in Dodging
101979 | Zot:5    | Noticed an orb of fire
101979 | Zot:5    | Noticed an orb of fire
101986 | Zot:4    | Killed a dread lich
101995 | Zot:5    | Gained mutation: You do not regenerate when monsters are
                  | visible. [an orb of fire]
101995 | Zot:5    | Noticed an orb of fire
101996 | Zot:5    | Gained mutation: You are occasionally teleported next to
                  | monsters. [an orb of fire]
102044 | Zot:5    | Noticed an orb of fire
102045 | Zot:5    | Gained mutation: You are somewhat resistant to further
                  | mutation. [an orb of fire]
102053 | Zot:4    | Gained mutation: Your spells are a little easier to cast,
                  | but a little less powerful. [an orb of fire]
102055 | Zot:4    | Killed an orb of fire
102065 | Zot:4    | Killed an orb of fire
102066 | Zot:4    | Lost mutation: Your flesh is very heat resistant. (rF++)
                  | [potion of mutation]
102066 | Zot:4    | Lost mutation: You are occasionally teleported next to
                  | monsters. [potion of mutation]
102066 | Zot:4    | Gained mutation: You are partially covered in iridescent
                  | scales. (AC +2) [potion of mutation]
102091 | Zot:5    | Gained mutation: You are frail. (-10% HP) [an orb of fire]
102098 | Zot:4    | Killed an orb of fire
102098 | Zot:4    | Gained mutation: You are very clumsy. (Dex -4) [an orb of
                  | fire]
102106 | Zot:4    | Killed an orb of fire
102148 | Zot:5    | Noticed an orb of fire
102279 | Zot:4    | Gained mutation: You are dopey. (Int -2) [an orb of fire]
102289 | Zot:4    | Gained mutation: You are very frail. (-20% HP) [an orb of
                  | fire]
102292 | Zot:4    | Lost mutation: Your spells are a little easier to cast, but
                  | a little less powerful. [an orb of fire]
102297 | Zot:4    | Killed an orb of fire
102303 | Zot:4    | Lost mutation: Your flesh is heat resistant. (rF+) [potion
                  | of mutation]
102303 | Zot:4    | Lost mutation: You occasionally lose the ability to read
                  | scrolls when taking damage. [potion of mutation]
102304 | Zot:4    | Lost mutation: You are very clumsy. (Dex -4) [potion of
                  | mutation]
102304 | Zot:4    | Lost mutation: You are partially covered in iridescent
                  | scales. (AC +2) [potion of mutation]
102305 | Zot:4    | Lost mutation: You are very frail. (-20% HP) [potion of
                  | mutation]
102305 | Zot:4    | Lost mutation: You are dopey. (Int -2) [potion of mutation]
102305 | Zot:4    | Lost mutation: You are frail. (-10% HP) [potion of
                  | mutation]
102454 | Zot:5    | Noticed an orb of fire
102603 | Zot:5    | Gained mutation: Your body sometimes deteriorates upon
                  | taking damage. [an orb of fire]
102613 | Zot:5    | Gained mutation: You occasionally shout uncontrollably at
                  | your foes. [an orb of fire]
102616 | Zot:5    | Noticed a Killer Klown
102621 | Zot:4    | Killed an orb of fire
102764 | Zot:5    | Noticed an ancient lich
102787 | Zot:5    | Killed an ancient lich
102958 | Zot:5    | Killed a Killer Klown
102991 | Zot:5    | Noticed an ancient lich
103011 | Zot:5    | Killed an ancient lich
103012 | Zot:5    | Reached skill level 25 in Dodging
103106 | Zot:5    | Noticed an orb of fire
103109 | Zot:5    | Gained mutation: You are dopey. (Int -2) [an orb of fire]
103119 | Zot:5    | Killed an orb of fire
104441 | Zot:5    | Reached skill level 26 in Dodging
104531 | Zot:5    | Noticed a Killer Klown
104542 | Zot:5    | Killed a Killer Klown
104717 | Zot:5    | Got the Orb of Zot
104838 | Zot:2    | Noticed Razoyrgh the pandemonium lord
105064 | Depths:1 | Identified the +3 robe of the Lobster {Str+6 Dex-4}
105064 | Depths:1 | Noticed Boris
105416 | D:$      | Escaped with the Orb!

Illustrated notes

Levels and vault maps discovered:
D:1:      heliophobic_arrival_enchanted_forest, layout_basic,
          grunt_decor_mini_mirrors, dreamdust_mushroom_princess
D:2:      layout_rooms, minmay_gold_behind_fungi
D:3:      layout_rooms, mainiacjoe_overflow_alcove_1,
          mainiacjoe_overflow_chevrons, hellmonk_ecumenical_altar_zigzags,
          serial_shops, shop, nicolae_shop_real_fake_doors
D:4:      layout_loops_cross, nicolae_gozag_cash_rules_everything_around_me,
          old_standard_altar, okawaru_metal_pillars_1_2,
          minmay_temple_entry_slanted, eino_small_chamber_without_monster,
          uniq_menkaure, uniq_pikel, uniq_ijyb, uniq_pargi
D:5:      layout_loops_ring, nicolae_yredelemnul_ghost_church, nzn_random_ring
D:6:      layout_gridville, kennysheep_generic_room_9
D:7:      cheibrodos_fertilizer, layout_basic,
          riverfiend_overflow_shadow_ancestor
D:8:      layout_layer_cave, dpeg_oklobed_lair, kennysheep_another_room,
          uniq_jeremiah
D:9:      kennysheep_blocky_room, layout_rooms, old_standard_altar,
          serial_shops, shop
D:10:     layout_stronghold, enter_trove_3
D:11:     layout_cave_pools, nicolae_twisty_statue_hallways
D:12:     layout_loops_cross, hiddenorc2_lemuel, nrook_mini_backslash,
          uniq_kirke
D:13:     layout_small_grid, nicolae_ru_path_of_blood
D:14:     layout_loops_corners, hellmonk_vaults_attempted_burglary,
          dk_noncrumbling_4
D:15:     grunt_enter_depths_hoard, layout_basic, nrook_pool_corridor,
          serial_shops, bzr_firewalk, kennysheep_two_boxes
Temple:   dshaligram_water_room_temple
Lair:1:   layout_regular_city, lemuel_fruit_fields, uniq_gastronok
Lair:2:   layout_misc_corridors, gauntlet_entry_generic
Lair:3:   layout_hall_layers, nicolae_shoals_entry_roost,
          nicolae_snake_entry_warm_welcome, lemuel_fruit_fields,
          lemuel_fruit_tree
Lair:4:   layout_cave_pods, enter_volcano_4, basic_altar
Lair:5:   hangedman_lair_tendril_chambers, layout_misc_corridors, slime_entry_1,
          portal_ice_cave_demonic_guard, special_room [special_room_bee],
          nzn_sisyphean_effort
Shoals:1: layout_shoals, ebering_ghost_inner_flame
Shoals:2: layout_shoals, st_sunken_temple, uniq_jorgrun
Shoals:3: layout_shoals, nicolae_shoals_circle_sea_wall, uniq_aizul
Shoals:4: shoals_end_grunt_ice, layout_shoals, uniq_polyphemus
Snake:1:  layout_cave_shapes, nicolae_alphabet_shops, serial_bayou_shore_b,
          uniq_nikola, uniq_donald
Snake:2:  layout_misc_corridors, special_room, nicolae_snake_single_loop,
          grunt_megastairs_5, uniq_vashnia
Snake:3:  cheibrodos_toxic_ritual, layout_chambers
Snake:4:  grunt_snake_rune_spirals, layout_onion, nicolae_snake_gridmaze_tees,
          nicolae_snake_the_dead_are_slithering
Slime:1:  layout_caves
Slime:2:  layout_caves
Slime:3:  layout_caves
Slime:4:  layout_caves
Slime:5:  slime_pit_nicolae_inversion
Orc:1:    layout_diamond_mine, serial_shops, shop, uniq_nergalle
Orc:2:    pubby_orc_utopia
Elf:1:    layout_loops_corners, serial_shops, shop, basic_altar,
          hangedman_corner_corridor, onia_ninara_cookie
Elf:2:    elven_hall_of_blades_hangedman_alternative [mumra_blade_entry_dagger],
          layout_gridlike, uniq_agnes, uniq_azrael, uniq_zenata, uniq_roxanne
Vaults:1: hangedman_vaults_variations, vaults_dpeg_hooks, v_misc_12,
          not_door_vault_due, nicolae_vaults_taking_the_gang_shopping,
          v_pattern_4, ontoclasm_vaults_ring_small, nicolae_vaults_trapezoid_2,
          nicolae_vaults_what_the_h, layout_vaults_omnigrid
Vaults:2: minmay_crypt_entry_necro_gods, nicolae_vaults_shrinking_rooms_2,
          nicolae_vaults_cochlea, nicolae_vaults_asterisk,
          nicolae_vaults_double_plus_1, vaults_mumra_chevron,
          vaults_mumra_minichess_inversion, hangedman_vaults_cutoff,
          hangedman_vaults_capsules, v_misc_2, serial_ice_h,
          nicolae_vaults_tetromino_L_1, ontoclasm_vaults_pinch,
          hangedman_vaults_hat, layout_vaults_big_room, serial_shops
Vaults:3: vaults_room_glass_cross, nicolae_vaults_storage_closets_1,
          nicolae_vaults_trapezoid_2, nicolae_vaults_asterisk, v_misc_4,
          ontoclasm_vaults_shuriken, v_rooms_3, nicolae_vaults_wine_cellar,
          nicolae_vaults_octothorpe, ontoclasm_vaults_loading_screen, v_misc_2,
          nicolae_vaults_bisected_slash, vaults_standard_mumra_x,
          ontoclasm_vaults_fault, layout_vaults_maze_snakey, serial_shops,
          nicolae_shop_crystal, uniq_margery
Vaults:4: gammafunk_ghost_spectres, v_misc_17, nicolae_vaults_shrinking_rooms_1,
          grunt_vaults_trifunnel, nicolae_vaults_heart-shaped_vault,
          v_pattern_5, v_misc_1, v_misc_1, sword_in_stone,
          layout_vaults_omnicross, uniq_boris, uniq_mennas
Depths:1: layout_twisted_cross, minmay_crystal_room, serial_shops,
          nicolae_shop_statue_plus, hell_entry, monkooky_shop_mail_order,
          minmay_shop_star
Depths:2: nooodl_glass_maze, layout_gridlike, rand_demon_pan_entry_3,
          infiniplex_enter_wizlab_glasses, serial_shops,
          nicolae_shop_behind_doors, kennysheep_mini_moat, hangedman_geh_valley,
          hangedman_aviary, minmay_staircase_bubble, uniq_norris
Depths:3: hangedman_grunt_twisty_little_passages, layout_basic,
          enter_ziggurat_f, abyss_entry, hell_entry, bh_walls_and_bars
Depths:4: evilmike_zot_entry_castle, layout_basic,
          nicolae_hepliaklqana_ecumenical_no_more, serial_co_window_serial,
          co_window_paths_a, co_window_corner_a, co_window_of_opportunity_a,
          co_window_of_opportunity_a, co_window_paths_b, co_window_broadway_c,
          co_window_corner_b, co_window_of_opportunity_b, co_window_2corner,
          glass_columns_a, pf_hell_entry_tar_river, minmay_fountain_box
Zot:1:    layout_gridlike, regret_index_zotdec_wing_it, basic_altar,
          evilmike_ambush [evilmike_ambush_outer_pillars,
          evilmike_ambush_inner_basic]
Zot:2:    layout_gridville, regret_index_zotdec_ex
Zot:3:    layout_concentric_octagons, hangedman_elemental_grid_stream
Zot:4:    layout_onion, grunt_megastairs_3, uniq_josephina
Zot:5:    layout_twisted_circle, hangedman_zot_decor_tridents, st_stairs_2,
          skrybe_zot_glass_1

Skill      XL: |  1  2  3  4  5  6  7  8  9 10 11 12 13 14 15 16 17 18 19 20 21 22 23 |
---------------+----------------------------------------------------------------------+-----
Dodging        | 3 4 8 12 16 17 18 21 23 26 | 26.7
Unarmed Combat | 3 4 5 6 9 11 12 14 15 17 | 17.0
Evocations     | 2 10 13 15 16 17 18 19 | 19.0
Shapeshifting  | 3 5 7 9 10 14 16 | 16.0
Invocations    | 2 5 7 11 12 14 15 | 15.0
Fighting       | 4 6 8 9 12 13 15 16 17 18 | 18.0
Translocations | 9 11 | 11.6
Spellcasting   | 1 2 |  2.0
Earth Magic    | 4 8 |  8.2
Stealth        | |  6.6

Action                     |  1- 3 |  4- 6 |  7- 9 | 10-12 | 13-15 | 16-18 | 19-21 | 22-24 || total
---------------------------+-------+-------+-------+-------+-------+-------+-------+-------++-------
  Melee: Unarmed           |    91 |    78 |   169 |  1069 |  2337 |  1819 |  1831 |  1046 ||  8440
         Bite              |     6 |     2 |    23 |   142 |   389 |       |   150 |   217 ||   929
         Punch             |     1 |     3 |     6 |    43 |   174 |       |   144 |   164 ||   535
         Constrict         |       |       |       |       |    45 |   350 |   226 |       ||   621
   Cast: Apportation       |       |       |       |       |     1 |     6 |       |     3 ||    10
         Blink             |       |       |       |       |       |       |       |     1 ||     1
         Passwall          |       |       |       |       |       |       |       |    10 ||    10
 Invoke: Heal Other        |       |       |    14 |    11 |     9 |     3 |     7 |     5 ||    49
         Heal Self         |       |       |     5 |    12 |    14 |    14 |     6 |    11 ||    62
Ability: Evoke Blink       |       |       |       |       |       |     1 |     3 |       ||     4
         Begin Untransform |       |       |       |       |       |       |       |     2 ||     2
  Evoke: Wand              |       |     4 |     3 |    11 |     6 |    79 |    30 |    20 ||   153
         Sack of spiders   |       |       |       |       |       |     2 |     5 |     4 ||    11
         Gell's gravitambo |       |       |       |       |       |       |     1 |     1 ||     2
    Use: Scroll            |     1 |       |     9 |     3 |    26 |    15 |    15 |    15 ||    84
         Potion            |       |     1 |     2 |       |     6 |     6 |    18 |    33 ||    66
   Stab: Sleeping          |    15 |     3 |     9 |    22 |    28 |    13 |    11 |     2 ||   103
         Distracted        |       |       |       |     6 |    10 |    10 |     7 |     3 ||    36
         Paralysed         |       |       |       |       |    19 |    54 |     1 |     7 ||    81
         Confused          |       |       |       |       |       |       |     1 |       ||     1
         Invisible         |       |       |       |       |       |       |       |     6 ||     6
 Armour: Skin              |    31 |    31 |    66 |   245 |   530 |   828 |   811 |   682 ||  3224
  Dodge: Dodged            |    65 |    89 |   140 |  1291 |  2547 |  2112 |  2832 |  2643 || 11719
  Block: Other             |     6 |    24 |    33 |   257 |   449 |       |       |       ||   769
         Reflection        |       |     5 |       |     5 |     9 |       |       |       ||    19
   Form: Blade             |       |       |     1 |       |       |       |       |       ||     1
         Serpent           |       |       |       |       |     1 |     2 |       |       ||     3
                           |       |       |       |       |       |     1 |       |       ||     1
         Statue            |       |       |       |       |       |       |     1 |     2 ||     3

Table legend: (Time is in decaauts)
 A = Elapsed time spent in this place.
 B = Non-inter-level travel time spent in this place.
 C = Inter-level travel time spent in this place.
 D = Time resting spent in this place.
 E = Time spent auto-exploring this place.
 F = Levels seen in this place.
 G = Mean time per level.
                   A        B        C        D        E       F      G
               +--------+--------+--------+--------+--------+-----+--------+
         Total | 111804 |  99850 |  11954 |  26971 |  43572 |  55 | 2032.8 |
       Dungeon |  28384 |  22663 |   5721 |   4952 |  11611 |  15 | 1892.3 |
        Temple |     32 |      2 |     30 |      0 |      0 |   1 |   32.0 |
          Lair |  16043 |  14127 |   1916 |   3104 |   6465 |   5 | 3208.6 |
        Shoals |   7610 |   7187 |    423 |   1727 |   2952 |   4 | 1902.5 |
     Snake Pit |  16815 |  16270 |    545 |   5222 |   7595 |   4 | 4203.8 |
    Slime Pits |   3291 |   3018 |    273 |    376 |   1206 |   5 |  658.2 |
  Orcish Mines |   7073 |   6423 |    650 |   1738 |   2875 |   2 | 3536.5 |
   Elven Halls |   2682 |   2536 |    146 |    426 |   1513 |   2 | 1341.0 |
        Vaults |  12402 |  11864 |    538 |   2487 |   5807 |   4 | 3100.5 |
        Depths |   4055 |   3106 |    949 |    500 |    953 |   4 | 1013.8 |
           Zot |  12621 |  11861 |    760 |   6352 |   2224 |   5 | 2524.2 |
        Bazaar |    126 |    126 |      0 |      0 |     61 |   1 |  126.0 |
         Trove |     43 |     43 |      0 |      0 |     39 |   1 |   43.0 |
       Volcano |    393 |    393 |      0 |     83 |    121 |   1 |  393.0 |
      Gauntlet |    227 |    227 |      0 |      0 |    149 |   1 |  227.0 |
               +--------+--------+--------+--------+--------+-----+--------+

Top non-repeatable levels by time:
 Snake:4: 6852 daAuts
   Zot:5: 5825 daAuts
   Orc:2: 5639 daAuts
 Snake:3: 4860 daAuts
  Lair:5: 4617 daAuts
Vaults:3: 3634 daAuts
 Snake:2: 3532 daAuts
  Lair:4: 3407 daAuts
    D:14: 3200 daAuts
   Zot:4: 3150 daAuts
Vaults:4: 3095 daAuts
Vaults:2: 3027 daAuts
  Lair:3: 3020 daAuts
     D:8: 3015 daAuts
    D:12: 2925 daAuts
